 Dungeon Crawl Stone Soup version 0.20.1-1-g8b1a95d (webtiles) character file.

3720 Mesmaeker13 the Infuser (level 9, -7/66 (67) HPs)
             Began as a Purple Draconian Skald on Aug 25, 2017.
             Was a Follower of Okawaru.
             Killed from afar by an electric eel (11 damage)
             ... with a bolt of electricity
             ... on level 8 of the Dungeon.
             The game lasted 00:27:27 (12316 turns).

Mesmaeker13 the Infuser (Purple Draconian Skald)   Turns: 12316, Time: 00:27:29

HP:   -7/66 (67)    AC:  8    Str: 15    XL:     9   Next: 92%
MP:   10/12         EV: 14    Int: 16    God:    Okawaru [*.....]
Gold: 320           SH:  6    Dex: 10    Spells: 2/13 levels left

rFire    . . .     SeeInvis .   f - +0 scimitar
rCold    . . .     Gourm    .   o - +2 buckler
rNeg     . . .     Faith    +   (armour unavailable)
rPois    .         Spirit   .   (helmet restricted)
rElec    .         Reflect  .   (no cloak)
rCorr    +         Harm     .   (no gloves)
MR       ++...                  y - +0 pair of boots
Stlth    +.........             p - amulet of faith
Regen    0.3/turn               C - ring of protection from magic
MPRegen  0.2/turn               K - ring of resist corrosion

@: infused
A: breathe power, unfitting armour, cold-blooded, AC +7
a: Breathe Dispelling Energy, Heroism, Renounce Religion


You were on level 8 of the Dungeon.
You worshipped Okawaru.
Okawaru was aware of your devotion.
You were not hungry.

You visited 2 branches of the dungeon, and saw 9 of its levels.
You also visited: Sewer.

You collected 320 gold pieces.

Inventory:

Hand Weapons
 e - a +2 dagger of venom
 f - a +0 scimitar (weapon)
 v - a +0 blowgun
 I - a +2 dagger of electrocution
Missiles
 i - 2 tomahawks (quivered)
 w - 51 poisoned needles
 N - 2 poisoned javelins
Armour
 l - a +0 shield
 o - a +2 buckler (worn)
 y - a +0 pair of boots (worn)
Jewellery
 p - an amulet of faith (around neck)
 C - a ring of protection from magic (left hand)
 K - a ring of resist corrosion (right hand)
Wands
 u - a wand of iceblast (1/15)
 O - a wand of digging (14/24)
Scrolls
 d - 2 scrolls of amnesia
 h - 2 scrolls of enchant weapon
 j - a scroll of fear
 k - a scroll of blinking
 n - a scroll of fog
 q - 2 scrolls of enchant armour
 r - 2 scrolls of magic mapping
 E - a scroll of recharging
 F - 4 scrolls of remove curse
 L - a scroll of teleportation {unknown}
Potions
 m - 7 potions of curing
 s - a potion of berserk rage {unknown}
 t - 2 potions of agility {unknown}
 x - a potion of might {unknown}
 z - 2 potions of flight {unknown}
 A - 3 potions of heal wounds
 B - 4 potions of brilliance
 G - a potion of mutation {unknown}
Books
 b - a book of Battle

   Spells                             Type                      Level
   a - Infusion                       Charms                       1
   b - Shroud of Golubria             Charms/Translocation         2
   c - Song of Slaying                Charms                       2
   d - Spectral Weapon                Hexes/Charms                 3
   e - Regeneration                   Charms/Necromancy            3
Comestibles
 c - 11 bread rations
 g - 4 meat rations
 D - a royal jelly


   Skills:
 - Level 2.1 Fighting
 + Level 7.6 Long Blades
 + Level 5.5 Dodging
 - Level 4.2 Shields
 - Level 2.5 Spellcasting
 + Level 4.9 Hexes
 + Level 8.4 Charms
 - Level 3.1 Necromancy
 - Level 3.0 Translocations
 + Level 1.5 Invocations


You had 2 spell levels left.
You knew the following spells:

 Your Spells              Type           Power        Failure   Level  Hunger
a - Infusion              Chrm           ####         1%          1    #......
b - Shroud of Golubria    Chrm/Tloc      ###.......   2%          2    ##.....
c - Regeneration          Chrm/Necr      ###.......   5%          3    ###....
d - Song of Slaying       Chrm           ####....     1%          2    ##.....
e - Spectral Weapon       Hex/Chrm       ###.....     3%          3    ###....


Dungeon Overview and Level Annotations

Branches:
Dungeon (8/15)             Temple (1/1) D:6
   Lair: D:8-11

Altars:
Ashenzari
Cheibriados
Dithmenos
Elyvilon
Fedhas
Gozag
Hepliaklqana
Kikubaaqudgha
Makhleb
Nemelex Xobeh
Okawaru
Qazlal
Ru
Sif Muna
Trog
Uskayaw
Vehumet
Xom
Zin
The Shining One


Innate Abilities, Weirdness & Mutations

You can breathe bolts of dispelling energy.
Your rich purple scales are hard. (AC +7)
You cannot fit into any form of body armour.
You are cold-blooded and may be slowed by cold attacks.


Message History

The bolt of electricity hits you! The bolt of electricity misses you.
The bolt of electricity hits the electric eel.
The electric eel completely resists.
The bolt of electricity hits the plant.
You barely miss the electric eel.
Your tail-slap misses the electric eel.
The electric eel is almost dead.
You closely miss the electric eel.
Your tail-slap misses the electric eel.
The electric eel is almost dead.
The electric eel shoots out a bolt of lightning at you!
The bolt of electricity misses you. The bolt of electricity hits you!
* * * LOW HITPOINT WARNING * * *
The bolt of electricity hits the electric eel.
The electric eel completely resists.
The bolt of electricity hits the plant.
An electric eel comes into view.
You barely miss the electric eel.
The electric eel is almost dead.
The electric eel shoots out a bolt of lightning at you!
The bolt of electricity hits you!
* * * LOW HITPOINT WARNING * * *
The bolt of electricity hits you!
You die...

#. #. #. #. #. ♣♣ ♣ #. #.
≈≈P♣P#. #. ≈≈≈;≈♣.
##############. ≈..≈...###
#..[)=..?......
.........###.#############
......[..@..........
.≈≈..≈P≈♣;##.######.
♣≈P≈≈≈PP≈≈♣..#
P≈≈≈≈PPP≈≈≈♣##
≈≈≈≈≈≈≈≈PPP# ≈≈≈≈≈≈≈≈♣P##
≈≈PP≈♣♣♣### ♣≈≈♣#


You could see 2 electric eels.

Vanquished Creatures
  Grinder (D:3)
  A hippogriff (D:8)
  A spriggan (D:7)
  Sigmund (D:3)
  Edmund (D:6)
  An ice beast (D:8)
  2 sky beasts
  2 phantoms
  3 orc warriors
  A necrophage (D:6)
  3 ogres
  A centaur (D:5)
  A big kobold (D:8)
  5 bullfrogs
  A scorpion (D:8)
  A wight (D:8)
  2 crimson imps (D:8)
  2 jellies
  3 hounds
  3 orc priests
  A bullfrog skeleton (D:4)
  7 orc wizards
  Terence (D:3)
  7 worker ants
  27 adders
  4 gnolls (D:2)
  9 river rats
  An adder zombie (D:5)
  2 adder skeletons
  2 worms (D:3)
  2 dart slugs
  The ghost of dscm the Digger, a weakling GrEE (D:4)
  4 leopard geckos
  34 orcs
  6 ball pythons (Sewer)
  7 bats
  2 giant cockroaches (D:7)
  11 goblins
  11 hobgoblins
  2 quokkas
  6 frilled lizards
  25 kobolds
  A quokka zombie (D:8)
  30 rats
  A plant (D:3)
240 creatures vanquished.

Vanquished Creatures (others)
  A spectral weapon (D:8)
1 creature vanquished.

Grand Total: 241 creatures vanquished

Notes
Turn   | Place    | Note
-------+----------+-------------------------------------------
     0 | D:1      | Mesmaeker13 the Draconian Skald began the quest for the Orb.
     0 | D:1      | Reached XP level 1. HP: 17/17 MP: 3/3
   160 | D:1      | Reached XP level 2. HP: 18/24 MP: 5/5
   354 | D:1      | Reached skill level 3 in Charms
   780 | D:2      | Learned a level 2 spell: Shroud of Golubria
   813 | D:2      | Reached XP level 3. HP: 10/29 MP: 2/6
  1339 | D:2      | Reached XP level 4. HP: 25/36 MP: 0/7
  1927 | D:2      | Learned a level 3 spell: Regeneration
  1947 | D:3      | Reached skill level 1 in Shields
  1947 | D:3      | Reached XP level 5. HP: 22/41 MP: 5/8
  1982 | D:3      | Noticed Sigmund
  2219 | D:3      | Found a glowing drain.
  2230 | D:3      | Reached skill level 4 in Charms
  2236 | Sewer    | Entered a sewer
  2827 | Sewer    | Reached XP level 6. HP: 43/48 MP: 5/9
  2843 | Sewer    | Learned a level 2 spell: Song of Slaying
  4421 | D:3      | Noticed Terence
  4458 | D:3      | Killed Terence
  4731 | D:3      | Killed Sigmund
  4731 | D:3      | Your scales start taking on a rich purple colour.
  4731 | D:3      | Reached skill level 5 in Charms
  4731 | D:3      | Reached XP level 7. HP: 38/55 MP: 1/10
  5005 | D:3      | Noticed Grinder
  5006 | D:3      | Paralysed by Grinder for 2 turns
  5053 | D:3      | Paralysed by Grinder for 4 turns
  5067 | D:3      | Killed Grinder
  5067 | D:3      | Reached skill level 5 in Long Blades
  5067 | D:3      | Reached skill level 6 in Charms
  5546 | D:3      | Found a sacrificial altar of Ru.
  5919 | D:4      | Noticed dscm's ghost (weakling GrEE)
  5925 | D:4      | Killed dscm's ghost
  6159 | D:4      | Reached skill level 1 in Necromancy
  6172 | D:4      | Reached XP level 8. HP: 27/61 MP: 0/11
  6181 | D:4      | Learned a level 3 spell: Spectral Weapon
  7167 | D:4      | Reached skill level 1 in Hexes
  7524 | D:5      | Entered Level 5 of the Dungeon
  7795 | D:5      | Found a shattered altar of Ashenzari.
  7944 | D:5      | Reached skill level 7 in Charms
  8409 | D:6      | Reached skill level 1 in Translocations
  8543 | D:6      | Noticed Edmund
  8585 | D:6      | Killed Edmund
  9027 | D:6      | Reached XP level 9. HP: 61/67 MP: 8/12
  9638 | D:6      | Found a staircase to the Ecumenical Temple.
  9645 | Temple   | Entered the Ecumenical Temple
  9784 | Temple   | Became a worshipper of Warmaster Okawaru
 10669 | D:7      | Reached skill level 5 in Dodging
 10916 | D:7      | Reached skill level 8 in Charms
 11089 | D:7      | Found a sacrificial altar of Ru.
 11096 | D:7      | Found a burning altar of Makhleb.
 11146 | D:7      | Reached * piety under Okawaru
 11808 | D:8      | Reached skill level 1 in Invocations
 12316 | D:8      | Killed from afar by an electric eel

Skill      XL: |  1  2  3  4  5  6  7  8  9 |
---------------+----------------------------+-----
Charms         | 3 4 5 6 7 8 |  8.4
Long Blades    | 3 4 5 6 7 |  7.6
Dodging        | 3 4 5 |  5.5
Shields        | 1 2 3 4 |  4.2
Necromancy     | 1 3 |  3.1
Hexes          | 2 4 |  4.9
Translocations | 1 3 |  3.0
Invocations    | 1 |  1.5
Fighting       | |  2.1
Spellcasting   | |  2.5

Action                   |  1- 3 |  4- 6 |  7- 9 || total
-------------------------+-------+-------+-------++-------
Melee: Falchion          |    69 |   270 |   541 ||   880
       Tailslap          |     5 |    17 |    56 ||    78
       Dagger            |       |       |     5 ||     5
       Scimitar          |       |       |     7 ||     7
 Fire: Blowgun           |       |     6 |     6 ||    12
 Cast: Infusion          |     7 |    21 |    32 ||    60
       Shroud of Golubri |       |     9 |    37 ||    46
       Regeneration      |       |     1 |       ||     1
       Song of Slaying   |       |     5 |     5 ||    10
       Spectral Weapon   |       |       |     5 ||     5
 Abil: Breathe Dispellin |       |       |     5 ||     5
Evoke: Wand              |       |       |     3 ||     3
  Use: Scroll            |     2 |     2 |    14 ||    18
       Potion            |       |     2 |     2 ||     4
 Stab: Distracted        |       |       |     2 ||     2
       Sleeping          |       |       |     1 ||     1
  Eat: Chunk             |     2 |    13 |    26 ||    41
       Fruit             |       |       |     5 ||     5
Armor: Skin              |    20 |    58 |   104 ||   182
Dodge: Dodged            |    55 |   176 |   236 ||   467
Block: Buckler           |       |    89 |   108 ||   197
       Rpst.: Falchion   |    18 |    53 |    82 ||   153
